 Dungeon Sprint DCSS version 0.32-a0-834-geaf45d8e21 (webtiles) character file.

Game seed: 17281577090552337245

189 rocky1 the Poker (level 5, -9/59 HPs)
             Began as an Oni Gladiator on Mar 26, 2024.
             Was an Initiate of Cheibriados.
             Mangled by a two-headed ogre
             ... wielding a +0 giant spiked club
              (17 damage)
             ... in the Dungeon (Sprint IX: "|||||||||||||||||||||||||||||").
             The game lasted 00:00:59 (123 turns).

rocky1 the Poker (Oni Gladiator)                     Turns: 123, Time: 00:01:00

Health: -9/59      AC: 11    Str: 24    XL:     5   Next: 68%
Magic:  5/5        EV: 11    Int: 13    God:    Cheibriados [......]
Gold:   0          SH:  0    Dex: 11    Spells: 4/4 levels left

rFire   . . .        o - +2 halberd (protect)
rCold   . . .        (shield currently unavailable)
rNeg    . . .        b - +0 robe
rPois   .            c - +0 hat
rElec   .            p - +0 cloak
rCorr   .            (gloves unavailable)
SInv    .            (boots unavailable)
Will    .....        (no amulet)
Stlth   +            r - +3 ring of strength
HPRegen 0.29/turn    q - +3 ring of intelligence
MPRegen 0.09/turn

%: no teleportation
@: under a protective aura, very slow
A: large, unfitting armour, horns 1, tough skin 1, double potion healing,
drunken brawling
a: Renounce Religion


You were in the Dungeon.
You worshipped Cheibriados.
Cheibriados was noncommittal.
You visited 1 branch

Inventory:

Hand Weapons
 a - a +0 trident
 o - a +2 halberd of protection (weapon)
Missiles
 d - 3 throwing nets (quivered)
 e - a large rock
Armour
 b - a +0 robe (worn)
 c - a +0 hat (worn)
 p - a +0 cloak (worn)
Jewellery
 q - a +3 ring of intelligence (right hand)
 r - a +3 ring of strength (left hand)
Wands
 n - a wand of light (10)
Scrolls
 k - 2 scrolls of blinking
 m - 2 scrolls of amnesia
Potions
 f - 4 potions of curing
 g - a potion of invisibility
 h - a potion of haste
 i - 4 potions of magic
 j - a potion of berserk rage
 l - 2 potions of heal wounds


   Skills:
 + Level 6.0 Fighting
 + Level 7.9 Polearms
 + Level 3.6 Throwing
 + Level 6.7 Dodging


You had 4 spell levels left.
You didn't know any spells.
Your spell library was empty.

Dungeon Overview and Level Annotations

Branches:
Dungeon (1/1)

Altars:
Cheibriados
Dithmenos
Elyvilon
Fedhas
Gozag
Hepliaklqana
Kikubaaqudgha
Makhleb
Nemelex Xobeh
Okawaru
Qazlal
Ru
Sif Muna
Trog
Uskayaw
Vehumet
Wu Jian
Xom
Yredelemnul
Zin
The Shining One
Beogh
Jiyva
Lugonu


Innate Abilities, Weirdness & Mutations

You are too large for most types of armour.
You have a pair of small horns on your head.
You have tough skin. (AC +1)
You gain doubled healing and magic from potions.
Whenever you drink a healing potion, you attack all around you.


Message History

The gnoll sergeant hits you with a +1 spear of flaming.
The gnoll sergeant burns you.
The howler monkey hoots and howls with incredible vigour!
The gnoll sergeant hits you with a +1 spear of flaming.
The gnoll sergeant burns you.
You hear a shout! x2
You take a swig of the potion and twirl your +2 halberd of protection.
You barely miss the gnoll sergeant.
The gnoll sergeant is almost dead.
You barely miss something.
You savour every drop.
You feel better.
The gnoll sergeant hits you but does no damage.
Unknown command.
You barely miss the gnoll sergeant.
The gnoll sergeant is almost dead.
The gnoll sergeant closely misses you.
You hit the gnoll sergeant but do no damage.
Your headbutt misses the gnoll sergeant.
The gnoll sergeant is almost dead.
The gnoll sergeant hits you with a +1 spear of flaming.
The gnoll sergeant burns you.
You slash the gnoll sergeant!
You kill the gnoll sergeant!
Cheibriados appreciates the change of pace.
The howler monkey hoots and howls with incredible vigour!
You hear a shout!
Your Fighting skill increases to level 6!
Your Polearms skill increases to level 7!
Unknown command.
Reach: o) +2 halberd (protect)
Press: ? - help, Dir - move target, f - two-headed ogre
Aim: a two-headed ogre, wielding a +0 giant spiked club and a +0 giant club (about 26% to evade your +2 halberd of protection)
You reach to attack!
You closely miss the two-headed ogre.
Unknown command.
You hit the two-headed ogre.
The two-headed ogre is lightly wounded.
The two-headed ogre hits you with a +0 giant spiked club!!
* * * LOW HITPOINT WARNING * * *
The two-headed ogre hits you with a +0 giant club!
You die...
Cheibriados appreciates the motionlessness of death.

▓+▓
▓h▓
▓y▓
▓c▓
▓.▓
▓{▓
▓O▓
▓@▓
▓.▓
▓.▓
▓[▓
▓[▓
▓.▓
▓.▓
▓)▓
▓.▓


You could see a two-headed ogre, a centaur, a howler monkey (catching breath)
and a killer bee.

Vanquished Creatures
  A gnoll sergeant (D)
  2 hounds (D)
  A bombardier beetle (D)
  An iguana (D)
  A shadow imp (D)
  A hobgoblin (D)
  A jackal (D)
  A quokka (D)
  2 goblins (D)
11 creatures vanquished.

Notes
Turn   | Place    | Note
-------+----------+-------------------------------------------
     0 | D        | rocky1 the Oni Gladiator began the quest for the Orb.
     0 | D        | Reached XP level 1. HP: 22/22 MP: 1/1
    23 | D        | Noticed a bombardier beetle
    23 | D        | Noticed an iguana
    23 | D        | Noticed a hound
    23 | D        | Noticed a hound
    25 | D        | Killed a hound
    26 | D        | Reached skill level 5 in Polearms
    26 | D        | Reached XP level 2. HP: 24/32 MP: 2/2
    26 | D        | Reached XP level 3. HP: 29/39 MP: 3/3
    34 | D        | Reached skill level 5 in Dodging
    34 | D        | Reached XP level 4. HP: 18/49 MP: 4/4
    40 | D        | Reached skill level 6 in Polearms
    45 | D        | Reached skill level 5 in Fighting
    45 | D        | Reached XP level 5. HP: 57/57 MP: 5/5
    53 | D        | Found a roughly hewn altar of Beogh.
    53 | D        | Found a snail-covered altar of Cheibriados.
    53 | D        | Found a shadowy altar of Dithmenos.
    53 | D        | Found a white marble altar of Elyvilon.
    53 | D        | Found a blossoming altar of Fedhas.
    53 | D        | Found an opulent altar of Gozag.
    54 | D        | Found a hazy altar of Hepliaklqana.
    55 | D        | Found a viscous altar of Jiyva.
    56 | D        | Found an ancient bone altar of Kikubaaqudgha.
    57 | D        | Became a worshipper of Cheibriados the Contemplative
    58 | D        | Found a corrupted altar of Lugonu.
    59 | D        | Found a burning altar of Makhleb.
    60 | D        | Found a sparkling altar of Nemelex Xobeh.
    61 | D        | Found an iron altar of Okawaru.
    62 | D        | Found a stormy altar of Qazlal.
    63 | D        | Found a sacrificial altar of Ru.
    64 | D        | Found a shimmering blue altar of Sif Muna.
    65 | D        | Found a bloodstained altar of Trog.
    66 | D        | Found a hide-covered altar of Uskayaw.
    67 | D        | Found a radiant altar of Vehumet.
    68 | D        | Found an ornate altar of the Wu Jian Council.
    69 | D        | Found a shimmering altar of Xom.
    70 | D        | Found a basalt altar of Yredelemnul.
    71 | D        | Found a glowing silver altar of Zin.
    72 | D        | Found a glowing golden altar of the Shining One.
   110 | D        | Noticed a two-headed ogre
   110 | D        | Noticed a centaur
   110 | D        | Noticed a shadow
   122 | D        | Reached skill level 7 in Polearms
   123 | D        | Mangled by a two-headed ogre

Illustrated notes

Levels and vault maps discovered:
D:        linesprint [early_d, line_temple, items_1, d_10, items_2, lair_1,
          lair_end, items_3, orc_1, orc_end, items_4, d_15, swamp_1, shoals_1,
          snake_1, spider_1, d_20, vaults_1, items_5, swamp_end, shoals_end,
          snake_end, spider_end, vaults_end, d_27, items_6, zot_1, zot_end,
          crypt_end, forest_end, elf_end, slime_end, tomb_end, abyss_end,
          pan_hell_end]

Skill      XL: |  1  2  3  4  5 |
---------------+----------------+-----
Dodging        | 4 5 6 |  6.7
Fighting       | 3 4 5 6 |  6.0
Polearms       | 5 6 7 |  7.9
Throwing       | 3 |  3.6

Action                     |  1- 3 |  4- 6 || total
---------------------------+-------+-------++-------
  Melee: Trident           |    23 |    12 ||    35
         Headbutt          |     3 |     3 ||     6
         Halberd           |       |    11 ||    11
    Use: Potion            |       |     2 ||     2
 Armour: Robe              |    18 |    14 ||    32
  Dodge: Dodged            |     8 |     9 ||    17

Table legend: (Time is in decaauts)
 A = Elapsed time spent in this place.
 B = Non-inter-level travel time spent in this place.
 C = Inter-level travel time spent in this place.
 D = Time resting spent in this place.
 E = Time spent auto-exploring this place.
 F = Levels seen in this place.
 G = Mean time per level.
                   A        B        C        D        E       F      G
               +--------+--------+--------+--------+--------+-----+--------+
         Total |    135 |    135 |      0 |      0 |      0 |   1 |  135.0 |
       Dungeon |    135 |    135 |      0 |      0 |      0 |   1 |  135.0 |
               +--------+--------+--------+--------+--------+-----+--------+

Top non-repeatable levels by time:
       D: 135 daAuts
